 Dungeon Crawl Stone Soup version 0.29.1-2-gbd0b4ee654 (webtiles) character file.

Game seed: 18001551251969151706

631 MisterFreud the Covert (level 7, 0/90 HPs)
             Began as a Gnoll Delver on Nov 2, 2022.
             Slain by Edmund
             ... wielding a +2 vorpal dire flail
              (10 damage)
             ... on level 5 of the Dungeon.
             The game lasted 00:05:35 (3509 turns).

MisterFreud the Covert (Gnoll Delver)               Turns: 3509, Time: 00:05:36

Health: 0/90       AC: 23    Str: 12    XL:     7   Next: 48%
Magic:  10/10      EV:  2    Int: 11    God:
Gold:   165        SH:  0    Dex: 13    Spells: 11/11 levels left

rFire   . . .      SeeInvis .   l - +3 dagger
rCold   . . .      Faith    .   (no shield)
rNeg    . . .      Spirit   .   (body armour currently unavailable)
rPois   +          Reflect  .   (helmet currently unavailable)
rElec   .          Harm     .   (cloak currently unavailable)
rCorr   .          Rampage  .   (gloves currently unavailable)
Will    .....      NoTele   +   (boots currently unavailable)
Stlth   ++++......              h - amulet of regeneration
HPRegen 1.05/turn               (no ring)
MPRegen 0.12/turn               (no ring)

@: tree-form
A: stationary, stasis, torment immunity, boosted hp, (fangs 1), strong nose,
distributed training
a: no special abilities


You were on level 5 of the Dungeon.
You were a tree.
You visited 2 branches of the dungeon, and saw 7 of its levels.

You collected 327 gold pieces.
You spent 162 gold pieces at shops.

Inventory:

Hand Weapons
 a - a +0 short sword
 l - a +3 dagger (weapon)
Missiles
 k - 9 poisoned darts (quivered)
Armour
 b - a +0 leather armour (melded)
 p - a +0 pair of boots (melded)
Jewellery
 h - an amulet of regeneration (around neck)
 m - a ring of ice
 r - a ring of ice
Wands
 g - a wand of digging (3)
Scrolls
 c - a scroll of fog
 d - a scroll of magic mapping
 e - 3 scrolls of fear
 i - 2 scrolls of identify
 o - 2 scrolls of blinking
 q - 2 scrolls of teleportation
Potions
 f - a potion of lignification
 j - 3 potions of brilliance
 n - 6 potions of curing
 s - a potion of flight {unknown}
 t - a potion of mutation {unknown}
 u - a potion of might {unknown}
 v - a potion of haste


   Skills:
 + Level 7.1 Fighting
 + Level 5.3 Short Blades
 + Level 2.6 Long Blades
 + Level 2.6 Axes
 + Level 2.6 Maces & Flails
 + Level 2.6 Polearms
 + Level 2.6 Staves
 + Level 2.6 Ranged Weapons
 + Level 2.6 Throwing
 + Level 2.6 Armour
 + Level 5.3 Dodging
 + Level 9.9 Stealth
 + Level 2.6 Shields
 + Level 2.6 Unarmed Combat
 + Level 2.6 Spellcasting
 + Level 2.1 Conjurations
 + Level 2.1 Hexes
 + Level 2.1 Summonings
 + Level 2.1 Necromancy
 + Level 2.1 Translocations
 + Level 2.1 Transmutations
 + Level 2.1 Fire Magic
 + Level 2.1 Ice Magic
 + Level 2.1 Air Magic
 + Level 2.1 Earth Magic
 + Level 2.1 Poison Magic
 + Level 2.9 Invocations
 + Level 2.6 Evocations


You had 11 spell levels left.
You didn't know any spells.
Your spell library was empty.

Dungeon Overview and Level Annotations

Branches:
Dungeon (6/15)             Temple (1/1) D:4

Altars:
Kikubaaqudgha
Ru
Vehumet
Yredelemnul
Lugonu

Shops:
D:3 ?

Annotations:
D:3 2 transporters
D:5 Edmund


Innate Abilities, Weirdness & Mutations

You are a tree.
Your roots penetrate the ground, keeping you stationary.
You cannot be teleported.
You are immune to unholy pain and torment.
Your maximum health is greatly increased.
Your equipment is partially melded.
((You have very sharp teeth.))
Your uncanny sense of smell can sniff out nearby items.
Your experience applies equally to all skills.


Message History

You hit Edmund. You bite Edmund.
Edmund is heavily wounded.
Edmund hits you with a +2 vorpal dire flail.
You hit Edmund but do no damage.
Edmund is heavily wounded.
Edmund hits you with a +2 vorpal dire flail!
* * * LOW HITPOINT WARNING * * *
x2 You closely miss Edmund.
You bite Edmund.
Edmund is heavily wounded.
Edmund hits you with a +2 vorpal dire flail.
* * * LOW HITPOINT WARNING * * *
x2 You are too injured to fight recklessly!
Really quaff the potion of lignification?
You turn into a tree.
Your +0 pair of boots melds into your body.
Your +0 leather armour melds into your body.
Your roots penetrate the ground.
Edmund hits you but does no damage.
Unknown command.
Unknown command.
You barely miss Edmund.
Edmund is heavily wounded.
You hit Edmund.
Edmund is heavily wounded.
Edmund barely misses you.
You closely miss Edmund.
Edmund is heavily wounded.
Edmund hits you but does no damage.
You hit Edmund.
Edmund is severely wounded.
Edmund hits you with a +2 vorpal dire flail.
* * * LOW HITPOINT WARNING * * *
x2 You hit Edmund.
Edmund is severely wounded.
You closely miss Edmund.
Edmund is severely wounded.
Edmund hits you but does no damage.
You hit Edmund but do no damage.
Edmund is severely wounded.
Edmund hits you with a +2 vorpal dire flail!
You die...

###############
#..)..<..♣@?..#
##.###########.# #..........#
#.# #..#######.# #.# ###..#
#.# #.# #....# #.# #.# #.#.##
#####.###.### #...o#
#...........#
...........###.###.#.####.###


You could see Edmund.

Vanquished Creatures
  2 black bears
  2 ogres (D:4)
  A scorpion (D:4)
  A hound (D:4)
  6 gnolls
  3 adders
  An ufetubus (D:4)
  6 dart slugs
  5 orcs
  9 ball pythons
  3 endoplasms
  5 giant cockroaches
  13 goblins
  8 hobgoblins
  3 jackals (D:1)
  6 kobolds
  2 quokkas
  6 bats
  2 frilled lizards (D:2)
  2 rats
86 creatures vanquished.

Vanquished Creatures (others)
  A demonic plant (Temple)
  6 plants (D:3)
7 creatures vanquished.

Grand Total: 93 creatures vanquished

Notes
Turn   | Place    | Note
-------+----------+-------------------------------------------
     0 | D:5      | Reached skill level 9 in Stealth
     0 | D:5      | MisterFreud the Gnoll Delver began the quest for the Orb.
     0 | D:5      | Reached XP level 1. HP: 23/23 MP: 1/1
    27 | D:5      | Noticed a necrophage
    59 | D:6      | Noticed an ice beast
    81 | D:5      | Reached XP level 2. HP: 29/29 MP: 2/2
   110 | D:5      | Noticed Edmund
   163 | D:5      | Noticed a black bear
   168 | D:5      | Killed a black bear
   169 | D:5      | Reached skill level 1 in Long Blades
   169 | D:5      | Reached skill level 1 in Axes
   169 | D:5      | Reached skill level 1 in Maces & Flails
   169 | D:5      | Reached skill level 1 in Polearms
   169 | D:5      | Reached skill level 1 in Staves
   169 | D:5      | Reached skill level 1 in Ranged Weapons
   169 | D:5      | Reached skill level 1 in Throwing
   169 | D:5      | Reached skill level 1 in Armour
   169 | D:5      | Reached skill level 1 in Shields
   169 | D:5      | Reached skill level 1 in Unarmed Combat
   169 | D:5      | Reached skill level 1 in Spellcasting
   169 | D:5      | Reached skill level 1 in Conjurations
   169 | D:5      | Reached skill level 1 in Hexes
   169 | D:5      | Reached skill level 1 in Summonings
   169 | D:5      | Reached skill level 1 in Necromancy
   169 | D:5      | Reached skill level 1 in Translocations
   169 | D:5      | Reached skill level 1 in Transmutations
   169 | D:5      | Reached skill level 1 in Fire Magic
   169 | D:5      | Reached skill level 1 in Ice Magic
   169 | D:5      | Reached skill level 1 in Air Magic
   169 | D:5      | Reached skill level 1 in Earth Magic
   169 | D:5      | Reached skill level 1 in Poison Magic
   169 | D:5      | Reached skill level 1 in Invocations
   169 | D:5      | Reached skill level 1 in Evocations
   169 | D:5      | Reached XP level 3. HP: 34/35 MP: 2/4
   169 | D:5      | Reached XP level 4. HP: 40/41 MP: 2/5
   322 | D:3      | Found a transporter.
   339 | D:3      | Found a radiant altar of Vehumet.
   540 | D:3      | Found an ancient bone altar of Kikubaaqudgha.
   573 | D:2      | Reached XP level 5. HP: 47/47 MP: 7/7
  1405 | D:1      | Found a faded altar of an unknown god.
  1909 | D:2      | Reached XP level 6. HP: 26/53 MP: 8/8
  2144 | D:3      | Reached skill level 5 in Short Blades
  2144 | D:3      | Reached skill level 5 in Dodging
  2198 | D:3      | Identified the +7 spear of the Endless Expanse {venom, rF++
                  | Int+5 Dex-2 Stlth+}
  2249 | D:3      | Found a transporter.
  2284 | D:3      | Found Quitelyuc's Magic Scroll Shoppe.
  2294 | D:3      | Bought a scroll of teleportation for 36 gold pieces
  2294 | D:3      | Bought a scroll of blinking for 90 gold pieces
  2294 | D:3      | Bought a scroll of teleportation for 36 gold pieces
  2509 | D:4      | Found a staircase to the Ecumenical Temple.
  2524 | D:4      | Noticed a black bear
  2548 | D:4      | Killed a black bear
  2550 | D:4      | Reached XP level 7. HP: 40/59 MP: 10/10
  2572 | Temple   | Entered the Ecumenical Temple
  2827 | D:4      | Found a basalt altar of Yredelemnul.
  2906 | D:4      | Found a sacrificial altar of Ru.
  3509 | D:5      | Slain by Edmund

Illustrated notes

Levels and vault maps discovered:
D:1:      dpeg_arrival_simpleton_c, layout_basic,
          chequers_ecumenical_altar_twisty
D:2:      layout_loops_cross, guppyfry_early_orc_mine
D:3:      layout_basic, nicolae_vehumet_radiance, mainiacjoe_overflow_catwalk,
          serial_shops, nicolae_lakefront_shop, gammafunk_ghost_gnarly_gnolls
D:4:      layout_basic, mainiacjoe_overflow_alcove_1, lemuel_tele_altar,
          minmay_temple_entry_drinking_statues, columned_hall_lemuel,
          kennysheep_generic_room_15, uniq_crazy_yiuf_cottage
D:5:      layout_loops_ring, tgw_fedhas, nicolae_uskayaw_suspiria,
          chequers_mini_garden, uniq_blork_the_orc, uniq_menkaure, uniq_edmund
D:6:      layout_rooms, nicolae_overflow_crystal_walls
Temple:   nicolae_temple_total_abyssal_victory

Skill      XL: |  1  2  3  4  5  6  7 |
---------------+----------------------+-----
Stealth        | |  9.9
Long Blades    | 1 2 |  2.6
Axes           | 1 2 |  2.6
Maces & Flails | 1 2 |  2.6
Polearms       | 1 2 |  2.6
Staves         | 1 2 |  2.6
Ranged Weapons | 1 2 |  2.6
Throwing       | 1 2 |  2.6
Armour         | 1 2 |  2.6
Shields        | 1 2 |  2.6
Unarmed Combat | 1 2 |  2.6
Spellcasting   | 1 2 |  2.6
Conjurations   | 1 2 |  2.1
Hexes          | 1 2 |  2.1
Summonings     | 1 2 |  2.1
Necromancy     | 1 2 |  2.1
Translocations | 1 2 |  2.1
Transmutations | 1 2 |  2.1
Fire Magic     | 1 2 |  2.1
Ice Magic      | 1 2 |  2.1
Air Magic      | 1 2 |  2.1
Earth Magic    | 1 2 |  2.1
Poison Magic   | 1 2 |  2.1
Invocations    | 1 2 |  2.9
Evocations     | 1 2 |  2.6
Short Blades   | 5 |  5.3
Dodging        | 5 |  5.3
Fighting       | 7 |  7.1

Action                   |  1- 3 |  4- 6 |  7- 9 || total
-------------------------+-------+-------+-------++-------
Melee: Short sword       |    14 |    17 |       ||    31
       Bite              |     2 |    17 |     8 ||    27
       Dagger            |       |   218 |    64 ||   282
       Punch             |       |     5 |       ||     5
Throw: Dart              |       |     1 |       ||     1
  Use: Potion            |     1 |       |     1 ||     2
       Scroll            |       |     6 |       ||     6
 Stab: Sleeping          |     3 |    21 |     5 ||    29
Armor: Leather armour    |       |    45 |     4 ||    49
       Skin              |       |       |     3 ||     3
Dodge: Dodged            |     5 |   127 |    21 ||   153
